Cogmind - Beta 14 @@@ ROGUE MODE // 2024.09.03 @ 20:05:32 Player: TapeIsSticky Result: Destroyed by as-97848 with Assembled Rifle Performance ------------- Evolutions (0) 0 Regions Visited (4) 800 Robots Destroyed (24) 120 Value Destroyed (592) 592 Prototype IDs (1) 20 Alien Tech Used (0) 0 Bonus (0) 0 TOTAL SCORE: 1532 Bonus ------- None Cogmind --------- Core Integrity 0/250 Matter 22/300 Energy 275/275 System Corruption 1% Temperature Warm (156) Movement Rolling (230) Ox10 Location -9/Mines Parts ------- > --- POWER (1) -------- Deuterium Engine > --- PROPULSION (2) --- Advanced Treads Wheel > --- UTILITY (2) ------ Huge Storage Unit Hardened Medium Armor Plating > --- WEAPON (2) ------- Flak Cannon Grenade Launcher > --- INVENTORY (25) --- Ion Engine Light Treads Light Treads Light Treads Light Treads Compact Wheel Improved Heat Sink Experimental Sensor Array Signal Interpreter ECM Suite Utility Shielding Utility Shielding Hardened Light Armor Plating Hardened Light Armor Plating Hardened Light Armor Plating Hardlight Generator Light Assault Rifle Light Assault Rifle Light Assault Rifle Light Cannon Light Cannon Light Cannon Peak State ------------ > --- POWER ------------ Deuterium Engine > --- PROPULSION ------- Light Treads Advanced Treads > --- UTILITY ---------- Huge Storage Unit Experimental Sensor Array > --- WEAPON ----------- Light Assault Rifle Flak Cannon > --- INVENTORY -------- Ion Engine Light Treads Light Treads Light Treads Light Treads Wheel Compact Wheel Improved Heat Sink Signal Interpreter ECM Suite Utility Shielding Utility Shielding Hardened Light Armor Plating Hardened Light Armor Plating Hardened Light Armor Plating Hardened Medium Armor Plating Hardlight Generator Light Assault Rifle Light Assault Rifle Light Cannon Light Cannon Light Cannon Grenade Launcher [Rating: 24] Favorites ----------- Power Deuterium Engine Engine Deuterium Engine Propulsion Light Treads Treads Light Treads Wheel Wheel Utility Huge Storage Unit Device Experimental Sensor Array Storage Huge Storage Unit Protection Hardened Light Armor Plating Weapon Light Assault Rifle Energy Gun EM Pulse Gun Ballistic Gun Light Assault Rifle Ballistic Cannon Light Cannon Launcher Grenade Launcher Build | -11 -10 -10 -10 -9 ------- Run | Yrd Mat Min Exi Min Slots Evolved . | . . . . . Power . | . . . . . Propulsion . | . . . . . Utility . | . . . . . Weapon . | . . . . . Parts Attached 25 | 8 4 5 2 6 Power 3 | 1 1 1 . . Engine 3 | 1 1 1 . . Core . | . . . . . Reactor . | . . . . . Propulsion 4 | 2 . 1 . 1 Treads 3 | 2 . 1 . . Leg . | . . . . . Wheel 1 | . . . . 1 Hover . | . . . . . Flight . | . . . . . Utility 8 | 2 2 3 . 1 Device 3 | 1 . 2 . . Storage 2 | 1 1 . . . Processor . | . . . . . Hackware . | . . . . . Protection 3 | . 1 1 . 1 Artifact . | . . . . . Weapon 10 | 3 1 . 2 4 Energy Gun 2 | 2 . . . . Energy Cannon . | . . . . . Ballistic Gun 2 | 1 . . 1 . Ballistic Cannon 4 | . 1 . 1 2 Launcher 2 | . . . . 2 Special Weapon . | . . . . . Impact Weapon . | . . . . . Slashing Weapon . | . . . . . Piercing Weapon . | . . . . . Special Melee Weapon . | . . . . . Unidentified Prototypes 1 | . . 1 . . Parts Lost 1 | . 1 . . . Power 1 | . 1 . . . Propulsion . | . . . . . Utility . | . . . . . Weapon . | . . . . . Highest Loss Streak 1 | . 1 . . . To Critical Strikes . | . . . . . Average Slot Usage (%) 95 | . 99 100 74 100 Engine 13 | . 13 14 14 14 Treads 27 | . 28 28 28 17 Device 8 | . 5 12 14 7 Storage 14 | . 14 14 14 14 Protection 5 | . 8 1 . 6 Energy Gun 2 | . 3 . . . Ballistic Gun 11 | . 14 14 1 6 Ballistic Cannon 9 | . 10 14 1 14 Peak Build Rating 24 | 7 11 22 24 24 Average Rating 13 | 5 9 19 20 20 On Entrance 12 | . 7 11 22 24 Naked Turns . | . . . . . Heaviest Build 103 | 14 94 101 97 103 Greatest Support 42 | 40 40 42 42 42 Greatest Overweight (x) 10 | . 2 2 2 10 Average Overweight (x) 2 | . 1 2 2 7 Largest Inventory Capacity 25 | 8 25 25 25 25 Average Capacity 24 | 7 24 25 25 25 Most Carried 25 | 6 25 25 25 23 Average Carried 19 | 5 16 24 24 22 Final Capacity 25 | 8 25 25 25 25 Final Carried 25 | 6 25 25 23 22 Class Distribution -------------------- 100% | Mutant Dominant Class ---------------- Mutant | -10/Materials Mutant | -10/Mines Mutant | -10/Exiles Mutant | -9/Mines Resources | -11 -10 -10 -10 -9 ----------- Run | Yrd Mat Min Exi Min Matter Collected 585 | 275 235 50 . 25 Remotely . | . . . . . Salvage Created 682 | 31 495 . . 156 Parts 59 | 6 45 . . 8 Haulers Intercepted 1 | . 1 . . . Recyclers Shooed . | . . . . . Parts Field Recycled . | . . . . . Retrieved Matter . | . . . . . Parts Self-Destructed . | . . . . . Prevented . | . . . . . Kills | -11 -10 -10 -10 -9 ------- Run | Yrd Mat Min Exi Min Combat Hostiles Destroyed 29 | . 14 . . 15 Guns 5 | . 5 . . . Cannons 12 | . 9 . . 3 AOE 12 | . . . . 12 Classes Destroyed 8 | 1 5 . . 2 Builder 1 | . . . . 1 Tunneler 2 | 2 . . . . Hauler 1 | . 1 . . . Operator 1 | . 1 . . . Watcher 2 | . 2 . . . Swarmer 6 | . 6 . . . Grunt 11 | . 8 . . 3 Assembled 12 | . . . . 12 Best Kill Streak 11 | 1 6 . . 11 Combat Bots Only 11 | . 5 . . 11 Max Kills in Single Turn 3 | 1 1 . . 3 Gunslinging . | . . . . . Exploded 2 | . . . . 2 Melee . | . . . . . Uniques/NPCs Destroyed . | . . . . . Combat | -11 -10 -10 -10 -9 -------- Run | Yrd Mat Min Exi Min Hostile Shots Fired 110 | . 66 . . 44 Missed 30 | . 21 . . 9 Damage Taken 1009 | . 450 . . 559 Core 261 | . 120 . . 141 Absorbed by Shields . | . . . . . Core Remaining (%) 100 | 100 . . . . Volleys Fired 77 | 3 52 . . 22 Largest 2 | 2 2 . . 2 Hottest 79 | 60 60 . . 79 Shots Fired 140 | 6 104 2 . 28 Gun 76 | 6 69 1 . . Cannon 53 | . 35 1 . 17 Launcher 11 | . . . . 11 Special . | . . . . . Kinetic 109 | 3 87 2 . 17 Thermal . | . . . . . Explosive 11 | . . . . 11 Electromagnetic 20 | 3 17 . . . Robot Hit Streak 8 | 3 8 . . 6 Robot Miss Streak 5 | 1 5 . . 5 Penetration Max . | . . . . . Secondary Targets . | . . . . . Shots Hit Robots 81 | 3 63 . . 15 Core Hits 66 | 2 30 . . 34 Critical Kills . | . . . . . Critical Parts Destroyed . | . . . . . Critical Strikes . | . . . . . Melee Attacks . | . . . . . Impact . | . . . . . Slashing . | . . . . . Piercing . | . . . . . Sneak Attacks . | . . . . . Combat Hostiles . | . . . . . Follow-up Attacks . | . . . . . Damage Inflicted 1782 | 33 829 . . 920 Guns 442 | 33 409 . . . Cannons 596 | . 420 . . 176 Explosions 744 | . . . . 744 Melee . | . . . . . Ramming . | . . . . . Kinetic 861 | 6 679 . . 176 Thermal . | . . . . . Explosive 744 | . . . . 744 Electromagnetic 177 | 27 150 . . . Impact . | . . . . . Slashing . | . . . . . Piercing . | . . . . . Highest Corruption 1 | . 1 1 1 1 Average Corruption 1 | . 1 1 1 1 Corruption Purged . | . . . . . Corruption Blocked . | . . . . . Effects 13 | . . 7 5 1 Matter Fused 4 | . . 2 1 1 Energy Discharges 2 | . . . 2 . Parts Fused 1 | . . 1 . . Data Loss (minor) 2 | . . 2 . . Data Loss (major) 2 | . . . 2 . Misfires 2 | . . 2 . . Overload Shots . | . . . . . Overflow Damage 4 | . . . . 4 Projectiles 3 | . . . . 3 Explosions 1 | . . . . 1 Melee . | . . . . . Knockbacks 6 | . . . . 6 Impact . | . . . . . Kinetic 6 | . . . . 6 Secondary . | . . . . . Self-Inflicted Damage 86 | . . . . 86 Shots 4 | . . . . 4 Rammed . | . . . . . Targets Rammed . | . . . . . Kicked . | . . . . . Crushed . | . . . . . Highest Temperature 156 | 20 90 6 . 156 Average Temperature 33 | 15 29 4 . 53 Received Heat Transfer 215 | . 153 . . 62 Siege Activations . | . . . . . Robots Corrupted . | . . . . . Combat Hostiles . | . . . . . Parts Fried . | . . . . . Impact Corruptions . | . . . . . Robots Melted . | . . . . . Combat Hostiles . | . . . . . Parts Melted . | . . . . . Heat Transferred . | . . . . . Parts Sabotaged . | . . . . . Parts Stolen . | . . . . . Parts Stripped . | . . . . . Power Chain Reactions . | . . . . . Alert | -11 -10 -10 -10 -9 ------- Run | Yrd Mat Min Exi Min Peak Influence 269 | 10 269 47 . 163 Initial 47 | . 6 47 . . Average 77 | 2 103 28 . 28 Maximum Alert Level 1 | . 1 . . . Low Security (%) 96 | 100 95 100 . 100 Level 1 3 | . 4 . . . Level 2 . | . . . . . Level 3 . | . . . . . Level 4 . | . . . . . Level 5 . | . . . . . High Security . | . . . . . Max Security . | . . . . . Squads Dispatched 3 | . 1 1 . 1 Investigation 2 | . . 1 . 1 Extermination . | . . . . . Reinforcement 1 | . 1 . . . Assault . | . . . . . Garrison . | . . . . . Intercept . | . . . . . Searches Triggered . | . . . . . Construction Impeded . | . . . . . Haulers Reinforced . | . . . . . Active Scanning Responses . | . . . . . Cargo Convoy Interrupts . | . . . . . Stealth | -11 -10 -10 -10 -9 --------- Run | Yrd Mat Min Exi Min Distress Signals . | . . . . . Communications Jammed . | . . . . . Distress Signals . | . . . . . Times Spotted 48 | . 31 . . 17 Peak Tracking Total 7 | . 3 . . 7 Tactical Retreats 4 | . 4 . . . Traps | -11 -10 -10 -10 -9 ------- Run | Yrd Mat Min Exi Min Traps Triggered 1 | . 1 . . . Indirectly . | . . . . . Trap Hack Attempts . | . . . . . Triggered . | . . . . . Disarmed . | . . . . . Reprogrammed . | . . . . . Reused . | . . . . . Traps Extracted . | . . . . . Installed . | . . . . . Triggered . | . . . . . Machines | -11 -10 -10 -10 -9 ---------- Run | Yrd Mat Min Exi Min Machines Disabled 5 | . 2 . . 3 Max in Single Turn 2 | . 1 . . 2 Machines Repaired . | . . . . . Machines Dismantled . | . . . . . Machines Sabotaged . | . . . . . Overloaded Fab Kills . | . . . . . Hacking | -11 -10 -10 -10 -9 --------- Run | Yrd Mat Min Exi Min Machines Accessed 4 | . 2 1 . 1 Terminals 3 | . 2 . . 1 Fabricators . | . . . . . Repair Stations . | . . . . . Recycling Units . | . . . . . Scanalyzers . | . . . . . Garrison Access . | . . . . . Total Hacks 6 | . 3 1 . 2 Successful 3 | . 2 1 . . Failed 3 | . 1 . . 2 Catastrophic 1 | . . . . 1 Database Lockouts . | . . . . . Manual 3 | . 3 . . . Terminals 5 | . 3 . . 2 Fabricators . | . . . . . Repair Stations . | . . . . . Recycling Units . | . . . . . Scanalyzers . | . . . . . Garrison Access . | . . . . . Terminal Hacks 2 | . 1 1 . . Open Door 1 | . . 1 . . Branch Access Points 1 | . 1 . . . Fabricator Hacks . | . . . . . Repair Station Hacks . | . . . . . Recycling Unit Hacks . | . . . . . Scanalyzer . | . . . . . Garrison Access Hacks . | . . . . . Unauthorized Hacks 1 | . 1 . . . Terminals 1 | . 1 . . . Botnet 1 | . 1 . . . Fabricators . | . . . . . Repair Stations . | . . . . . Recycling Units . | . . . . . Scanalyzers . | . . . . . Garrison Access . | . . . . . Data Cores Recovered . | . . . . . Used . | . . . . . Hacking Detections 2 | . 1 . . 1 Full Trace Events 1 | . . . . 1 Feedback Events . | . . . . . Feedback Blocked . | . . . . . Robot Schematics Acquired . | . . . . . Robots Built . | . . . . . Authchips . | . . . . . Time . | . . . . . Total Robot Build Rating . | . . . . . Part Schematics Acquired . | . . . . . Parts Built . | . . . . . Authchips . | . . . . . Time . | . . . . . Total Part Build Rating . | . . . . . Parts Repaired . | . . . . . Time . | . . . . . Parts Recycled . | . . . . . Recycled Matter . | . . . . . Retrieved Matter . | . . . . . Retrieved Components . | . . . . . Parts Scanalyzed . | . . . . . Part Schematics Acquired . | . . . . . Parts Damaged . | . . . . . Bothacking | -11 -10 -10 -10 -9 ------------ Run | Yrd Mat Min Exi Min Used RIF Installer . | . . . . . Robots Hacked . | . . . . . Non-combat . | . . . . . Combat . | . . . . . Robot Hacks Applied . | . . . . . Relay Couplers Released . | . . . . . Fabnet Peak Effective % . | . . . . . Robots Rewired . | . . . . . Allies Hacked . | . . . . . Hacks Repelled . | . . . . . Allies | -11 -10 -10 -10 -9 -------- Run | Yrd Mat Min Exi Min Total Allies . | . . . . . Largest Group . | . . . . . Highest-Rated Group . | . . . . . Highest-Rated Ally . | . . . . . Total Orders . | . . . . . Ally Attacks . | . . . . . Total Damage . | . . . . . Kills . | . . . . . Allies Corrupted . | . . . . . Allies Melted . | . . . . . Intel | -11 -10 -10 -10 -9 ------- Run | Yrd Mat Min Exi Min Robot Analysis Total . | . . . . . Derelict Logs Recovered . | . . . . . Drone Launches . | . . . . . Drone Recoveries . | . . . . . Exploration | -11 -10 -10 -10 -9 ------------- Run | Yrd Mat Min Exi Min Turns Passed 3753 | 141 2100 668 660 184 Spaces Moved 1097 | 72 555 211 211 48 Core 2 | 2 . . . . Treads 1062 | 70 555 211 211 15 Legs . | . . . . . Wheels 33 | . . . . 33 Hover . | . . . . . Flight . | . . . . . Fastest Speed 50 | 50 160 312 312 215 Average Speed 298 | 156 311 312 312 249 Slowest Speed 320 | 160 320 320 312 312 Overloaded Moves . | . . . . . Propulsion Burnouts . | . . . . . Robots Hopped . | . . . . . Cave-ins Triggered . | . . . . . Exploration Rate (%) 40 | 4 95 37 58 8 Regions Visited 4 Branch Regions 3 Pre-discovered Areas . | . . . . . Known Exits Taken 1 | . 1 . . . Unknown Exits Taken 3 | 1 . 1 1 . Scrap Searched 1 | . . 1 . . Spaces Dug . | . . . . . Terrain Destroyed 47 | . . . . 47 Melee . | . . . . . Projectile . | . . . . . AOE 47 | . . . . 47 Terrain Rammed . | . . . . . Walls Destroyed . | . . . . . Machines Disabled . | . . . . . Actions | -11 -10 -10 -10 -9 --------- Run | Yrd Mat Min Exi Min Total 1449 | 91 836 224 216 82 Wait 205 | 3 196 . . 6 Move 1093 | 71 554 210 210 48 Hop . | . . . . . Pick Up 32 | 5 24 3 . . Fast Attach 9 | 8 1 . . . Attach 2 | . . . 2 . Detach 3 | 1 . . 2 . Swap 14 | . 3 5 . 6 Drop 14 | . 6 6 2 . Fire 77 | 3 52 . . 22 Melee . | . . . . . Ram . | . . . . . Kick . | . . . . . Crush . | . . . . . Escape Stasis . | . . . . . Rewire . | . . . . . Trap . | . . . . . Miscellaneous . | . . . . . Route ------- -11/Scrapyard -10/Materials (discovered 5 exits: [*Mat x3] / *Min / [*Sub]) -10/Mines -10/Exiles -9/Mines History --------- Turn | Location | Event 27 | -11/Scrapyard | Discovered new exit (range 16) 142 | -11/Scrapyard | Entered Materials 309 | -10/Materials | Build established: Mutant 599 | -10/Materials | Discovered new exit (range 5) 1351 | -10/Materials | Identified exit to Mines 1382 | -10/Materials | Discovered new exit (range 5) 1807 | -10/Materials | Discovered new exit (range 15) 2181 | -10/Materials | Discovered new exit (range 9) 2242 | -10/Materials | Entered Mines 2247 | -10/Mines | Met a Derelict shopkeep closing up shop 2406 | -10/Mines | Found a damaged Exp. Sensor Array with a note attached 2413 | -10/Mines | Found Prototype Device 2413 | -10/Mines | Identified Exp. Sensor Array 2676 | -10/Mines | Found a hidden stash of uninstalled traps 2898 | -10/Mines | Deemed a non-threat by the Exiles lab entrance 2898 | -10/Mines | Discovered new exit (range 5) 2910 | -10/Mines | Entered Exiles 2988 | -10/Exiles | Met 8R-AWN 3040 | -10/Exiles | Met EX-HEX 3162 | -10/Exiles | Met EX-DEC 3200 | -10/Exiles | Met EX-BIN 3536 | -10/Exiles | Discovered new exit (range 10) 3570 | -10/Exiles | Entered Mines 3615 | -9/Mines | Assembled infested the area 3679 | -9/Mines | Core integrity fell below 50% 3727 | -9/Mines | Destroyed 11 combat bots 3749 | -9/Mines | Core integrity fell below 20% 3754 | -9/Mines | Destroyed by as-97848 with Assembled Rifle Last Messages --------------- 03712_ U-05 Engineer lays Concrete. 03713_ U-05 Engineer builds a Wall. 03714_ U-05 Engineer lays Concrete. 03717_ U-05 Engineer builds a Wall. 03719_ U-05 Engineer lays Concrete. 03727_ The unstable cave ceiling collapses. 03727_ U-05 Engineer lays Concrete. 03727_ Acquired 3 matter. 03728_ U-05 Engineer lays Concrete. 03729_ Acquired 12 matter. 03729_ U-05 Engineer lays Concrete. 03732_ The unstable cave ceiling collapses. 03733_ U-05 Engineer lays Concrete. 03736_ U-05 Engineer destroyed. 03742_ Destroyed Asb. F-torch. 03742_ as-60623 knocked back. 03742_ as-60623 destroyed. 03749_ G-34 Mercenary destroyed. 03749_ G-47 Trooper destroyed. 03752_ as-97848 knocked back. Map ----- +----------------------------------------------------+ | ????????????????????????????????????? | | ????????????????????????????????????? | | ????????????????????????????????????? | | ????????????????????????????????????? | | ????????????????????????????????????? | | ????????????????????????????????????? | | ????????????????????????????????????? | | ????????????????????????????????????? | | ????????????????????????????????????? | | ????????????????????????????????????? | | ????????????????????????????????????? | | ????????????????????????????????????? | | ????????????????????????????????????? | | ????????????????????????????????????? | | ????????????????????????????????????? | | ????????????????????????????????????? | | ????????????????????????????????????? | | ?????????###?###????????????????????? | | ?????????# # # ????????????????????? | | ?????????# | % ?????????????????????? | | ?????????# %*% ?????????????????????? | | ?????????#![$=#?????????????????????? | | ?????????# =%*#?????????????????????? | | ?????????# =! #?????????????????????? | | ?????????# =% #?????????????????????? | | ????????## *@ #?????????????????????? | | ?????#### #?????????????????????? | | ??#### # ##????????????????????? | | ??# =%! ##????????????????????? | | ??# = % #????????????????????? | | ??# " #????????????????????? | | ??## !" ##???????????????????? | | ??# %! #???????????????????? | | ??## | ###?????????????????? | | ???# a #?????????????????? | | ???# a #?????????????????? | | ???# # #?????????????????? | | ??## # #?????????????????? | | ??#T ### #?????????????????? | | ??#############???#?????????????????? | | ????????????????????????????????????? | | ????????????????????????????????????? | | ????????????????????????????????????? | | ????????????????????????????????????? | | ????????????????????????????????????? | | ????????????????????????????????????? | | ????????????????????????????????????? | | ????????????????????????????????????? | | ????????????????????????????????????? | | ????????????????????????????????????? | +----------------------------------------------------+ Best States ------------- Heat Dissipation 25 Energy Generation 14 Energy Capacity 275 Matter Stores 300 Matter Capacity 300 Sight Range 16 Robot Scan Range 20 Terrain Scan Density 10 Armor Coverage 225 Evasion (%) 40 Recoil Reduction 2 Item Schematics ----------------- None Robot Schematics ------------------ None Fabricated ------------ Nothing Alien Tech Used ----------------- None Achievements -------------- None Challenges ------------ None Game ------ Seed MassPulseSuperbattery Manual? 0 Play Time 00:17:01 Cumulative 38.0 hours Start 2024.09.03 @ 19:45:41 End 2024.09.03 @ 20:05:32 Sessions 1 Manual Loads 0 Difficulty Rogue Special Mode None Game No. 42 Rogue 42 Adventurer 0 Explorer 0 Win Type - Total 2 Types 2/0/0/0/0/0/0/0/0 Lore% 19 Gallery% 29 Achievement% 34 Wizard Run 0 Options --------- Layout 1 ASCII 0 Keyboard 0 Movement Arrows Keybinds 0 Fullscreen 1 Font 24/Tamsyn Map View 50x35 Zoom Use 0% Tactical HUD 1 Map Filters NONE Filters NONE Steam 1 RUN: ff9fffb5-2959-431e-9a43-4fe781d78943